 Dungeon Crawl Stone Soup version 0.19.5 (webtiles) character file.

70 Gargoyl the Skirmisher (level 4, -10/38 HPs)
             Began as a Ghoul Abyssal Knight on Apr 30, 2017.
             Was a Believer of Lugonu.
             Mangled by a chaos spawn (14 damage)
             ... on level 1 of the Abyss.
             The game lasted 00:05:25 (1901 turns).

Gargoyl the Skirmisher (Ghoul Abyssal Knight)       Turns: 1901, Time: 00:05:26

Health: -10/38     AC: 12    Str: 14 (15) XL:     4   Next: 21%
Magic:  4/4        EV:  4    Int:  4 (7)  God:    Lugonu [**....]
Gold:   71         SH:  0    Dex:  7 (9)  Spells: 0 memorised, 3 levels left

rFire  . . .     SeeInvis .     a - +1 hand axe
rCold  + . .     Gourm    .     d - +0 plate armour
rNeg   + + +     Faith    .     (no shield)
rPois  ∞         Spirit   .     r - +0 helmet
rElec  .         Reflect  .     (no cloak)
rCorr  .         Harm     .     (no gloves)
MR     .....                    (no boots)
Stlth  ..........               (no amulet)
                                (no ring)
                                (no ring)

@: rotting
A: rotting body, claws 1, carnivore 3, cold resistance 1, negative energy
resistance 3, slow regeneration 1, torment resistance, unbreathing
a: Depart the Abyss, Bend Space, Renounce Religion


You were on level 1 of the Abyss.
You worshipped Lugonu.
Lugonu was pleased with you.
You were not hungry.

You visited 1 branch of the dungeon, and saw 2 of its levels.
You visited the Abyss 2 times.

You collected 71 gold pieces.

Inventory:

Hand Weapons
 a - a +1 hand axe (weapon)
Missiles
 h - 4 tomahawks (quivered)
Armour
 d - a +0 plate armour (worn)
 r - a +0 helmet (worn)
Jewellery
 j - an uncursed amulet of harm {unknown}
Wands
 e - a wand of iceblast (6/15)
Scrolls
 i - 2 scrolls of remove curse
 k - a scroll of fog
 p - a scroll of magic mapping
Books
 q - a book of Minor Magic

   Spells                             Type                      Level
   a - Magic Dart                     Conjuration                  1
   b - Blink                          Translocation                2
   c - Call Imp                       Summoning                    2
   d - Repel Missiles                 Charms/Air                   2
   e - Slow                           Hexes                        2
   f - Conjure Flame                  Conjuration/Fire             3
   g - Mephitic Cloud                 Conjuration/Poison/Air       3
Comestibles
 c - 2 meat rations


   Skills:
 + Level 3.5 Fighting
 + Level 2.5 Axes
 * Level 2.9 Armour
 + Level 1.0 Dodging
 * Level 2.4 Invocations


You had 3 spell levels left.
You didn't know any spells.

Dungeon Overview and Level Annotations

Branches:
Dungeon (2/15)

Altars:
Hepliaklqana

Annotations:
D:2 Crazy Yiuf


Innate Abilities, Weirdness & Mutations

Your body is rotting away.
You thrive on raw meat.
You are immune to poison.
You have sharp fingernails.
You are carnivorous and can eat meat at any time.
Your flesh is cold resistant. (rC+)
You are immune to negative energy. (rN+++)
You regenerate slowly when monsters are visible.
You are immune to unholy pain and torment.
You can survive without breathing.


Message History

As you read the scroll labeled TAIGETWOCER, it crumbles to dust.
You feel strangely unstable.
It was a scroll of teleportation.
Crazy Yiuf hits you but does no damage.
You are cast into the Abyss!
To return, you must find a gate leading back.
Killing monsters will force the Abyss to allow you passage.
This branch contains the abyssal rune of Zot.
Found a pair of gloves.
You are suddenly pulled into a different region of the Abyss!
You start resting.
A chaos spawn emerges from chaos.
The chaos spawn squeals angrily.
Found 58 gold pieces.
Found a gateway leading deeper into the Abyss.
All of the chunks of flesh in your inventory have rotted away.
There is a gateway leading deeper into the Abyss here.
The chaos spawn hits you.
* * * LOW HITPOINT WARNING * * *
The chaos spawn sears you!
You die...

.. .# .# .# .# ## ##.
..###### # #.## #.#$#
# ## .#####@.# .......
. #.#...4##.###.#.# #
#. #. #.#....#
#.......... #.
..#....####.#.#.#.#.#.
.. .#........... ..
... # .
#.#....######.#.#. #.
#.#.#..#.## ##. .. . §
#.#......#.# ##.#.# #
#. #.#...#####.## ###.
##. .


You could see a chaos spawn.

Vanquished Creatures
  An adder (D:2)
  A dart slug (D:2)
  3 leopard geckos
  A ball python (D:1)
  10 bats
  7 goblins
  8 hobgoblins
  4 jackals (D:1)
  6 kobolds
  4 frilled lizards
  4 rats
49 creatures vanquished.

Notes
Turn   | Place    | Note
-------+----------+-------------------------------------------
     0 | Abyss:1  | Gargoyl the Ghoul Abyssal Knight began the quest for the Orb.
     0 | Abyss:1  | Reached XP level 1. HP: 19/19 MP: 1/1
    21 | Abyss:2  | Noticed a thrashing horror
    23 | Abyss:2  | Noticed a thrashing horror
    46 | Abyss:3  | Noticed a raiju
    47 | Abyss:3  | Noticed a raiju
    58 | Abyss:3  | Noticed a large abomination
    68 | D:1      | Escaped the Abyss
   289 | D:1      | Reached XP level 2. HP: 23/26 MP: 2/2
   322 | D:1      | Reached * piety under Lugonu
   430 | D:1      | Reached skill level 1 in Dodging
   464 | D:1      | Reached XP level 3. HP: 31/31 MP: 3/3
  1302 | D:2      | Found a runed door.
  1444 | D:2      | Reached ** piety under Lugonu
  1451 | D:2      | Reached XP level 4. HP: 38/38 MP: 4/4
  1597 | D:2      | Found a hazy altar of Hepliaklqana.
  1825 | D:2      | Noticed Crazy Yiuf
  1831 | D:2      | Cast into level 1 of the Abyss (Crazy Yiuf)
  1865 | Abyss:1  | Noticed a chaos spawn
  1901 | Abyss:1  | Mangled by a chaos spawn

Skill      XL: |  1  2 |
---------------+-------+-----
Armour         | 2 |  2.9
Axes           | 2 |  2.5
Dodging        | 1 |  1.0
Fighting       | |  3.5
Invocations    | |  2.4

Action                   |  1- 3 |  4- 6 || total
-------------------------+-------+-------++-------
Melee: Hand axe          |   145 |    42 ||   187
Invok: Depart the Abyss  |     1 |       ||     1
  Use: Scroll            |     4 |     2 ||     6
       Potion            |     1 |     5 ||     6
  Eat: Chunk             |     9 |     3 ||    12
Armor: Plate armour      |   170 |    37 ||   207
Dodge: Dodged            |    50 |    13 ||    63
